 Dungeon Crawl Stone Soup version 0.27.1-4-g1640c2035a (webtiles) character file.

Game seed: 4715217841311531880

112 GameOver the Conjurer (level 4, -1/36 HPs)
             Began as a Naga Hedge Wizard on Nov 4, 2021.
             Slain by a gnoll (10 damage)
             ... on level 4 of the Dungeon.
             The game lasted 00:09:40 (2192 turns).

GameOver the Conjurer (Naga Hedge Wizard)           Turns: 2192, Time: 00:09:40

Health: -1/36      AC:  2    Str: 13    XL:     4   Next: 95%
Magic:  0/8        EV:  9    Int: 15    God:
Gold:   70         SH:  0    Dex: 10    Spells: 3/9 levels left

rFire    . . .     SeeInvis +   W - +0 dagger (venom)
rCold    . . .     Faith    .   (no shield)
rNeg     . . .     Spirit   .   b - +0 robe
rPois    +         Reflect  .   c - +0 hat
rElec    .         Harm     .   (no cloak)
rCorr    .         Rampage  .   (no gloves)
Will     .....                  (no barding)
Stlth    ++........             (no amulet)
HPRegen  0.12/turn              (no ring)
MPRegen  0.11/turn              (no ring)

@: short of breath, very slightly contaminated, very slow
A: AC +1, large, see invisible, deformed body, poison resistance, slowness 2,
spit poison 1, naga tail 1
a: Spit Poison


You were on level 4 of the Dungeon.
You visited 1 branch of the dungeon, and saw 4 of its levels.

You collected 70 gold pieces.

Inventory:

Hand Weapons
 a - a +0 short sword
 n - a +1 long sword of holy wrath
 s - a +0 spear
 W - a +0 dagger of venom (weapon)
Armour
 b - a +0 robe (worn)
 c - a +0 hat (worn)
Scrolls
 d - a scroll of acquirement {unknown}
 f - a scroll of vulnerability {unknown}
 g - a scroll of silence {unknown}
 h - 2 scrolls of immolation {unknown}
 j - a scroll of enchant weapon {unknown}
 k - 2 scrolls of identify {unknown}
 m - 2 scrolls of amnesia {unknown}
 o - a scroll of fog {unknown}
Potions
 l - a potion of attraction {unknown}


   Skills:
 + Level 0.7 Short Blades
 - Level 1.5 Dodging
 - Level 3.0 Stealth
 - Level 3.0 Spellcasting
 * Level 4.4 Conjurations
 - Level 1.0 Summonings
 - Level 1.0 Translocations


You had 3 spell levels left.
You knew the following spells:

 Your Spells              Type           Power      Damage    Failure   Level
a - Magic Dart            Conj           60%        1d6       3%          1
b - Blink                 Tloc           N/A        N/A       21%         2
d - Mephitic Cloud        Conj/Pois/Air  6%         N/A       32%         3

Your spell library contained the following spells:

 Spells                   Type           Power      Damage    Failure   Level
 Corona                   Hex            2%         N/A       21%         1
 Call Imp                 Summ           5%         N/A       21%         2
 Conjure Flame            Conj/Fire      8%         6-21      24%         3
 Ensorcelled Hibernation  Hex/Ice        4%         N/A       30%         2
 Slow                     Hex            2%         N/A       30%         2
 Tukima's Dance           Hex            2%         N/A       52%         3


Dungeon Overview and Level Annotations

Branches:
Dungeon (4/15)
 Temple: D:4-7

Altars:


Innate Abilities, Weirdness & Mutations

Your serpentine skin is tough. (AC +1)
You have supernaturally acute eyesight. (SInv)
Armour fits poorly on your strangely shaped body.
Your system is resistant to poisons. (rPois)
You cover ground very slowly.
You can spit poison.
You have a snake-like lower body.


Message History

Confirm with . or Enter, or press ? or * to list all spells.
The spell is quite dangerous to cast (32% risk of failure)!
Continue anyway?
Aiming: Mephitic Cloud (quite dangerous; 32% risk of failure)
Press: ? - help, Shift-Dir - straight line, f - gnoll
Aim: a gnoll, wielding a +0 halberd (chance to affect: 91%)
You miscast Mephitic Cloud.
You feel rather nauseous for a moment.
You are poisoned.
You resist.
You feel sick.
The gnoll hits you from afar with a +0 halberd.
Okay, then.
Okay, then.
You feel sick. The gnoll hits you with a +0 halberd!
Things that are here:
a +0 club; a gnoll corpse It was a potion of heal wounds.
You feel much better.
You have got your breath back.
You feel sick. The gnoll closely misses you.
You hit the gnoll but do no damage.
The gnoll is poisoned.
You feel sick.
You are no longer poisoned.
The gnoll hits you with a +0 halberd.
Press: ? - help, Shift-Dir - straight line, f/p - gnoll
Aim: a gnoll, wielding a +0 halberd (very poisoned)
The splash of poison hits the gnoll.
The gnoll looks even sicker.
The gnoll is heavily wounded.
The gnoll hits you with a +0 halberd.
Unknown command.
Casting: Mephitic Cloud (quite dangerous; 32% risk of failure)
Confirm with . or Enter, or press ? or * to list all spells.
Aiming: Magic Dart (safe; 3% risk of failure)
Press: ? - help, Shift-Dir - straight line, f/p - gnoll
Aim: a gnoll, wielding a +0 halberd (heavily wounded, very poisoned, 100% to hit)
The magic dart hits the gnoll.
The gnoll is severely wounded.
The gnoll hits you with a +0 halberd!
* * * LOW HITPOINT WARNING * * *
Unknown command.
You hit the gnoll.
The gnoll looks as sick as possible!
The gnoll is almost dead.
The gnoll hits you with a +0 halberd!
You die...
P

P.P.P...### ###
P.P...P.P...##..##
..P.P.P........#
PPgPPP........#
##.)##...###### #
#....†...#
#.#######..##...#
#....<.######g..#
##..(..##..##@..#
#..............#
#.........######
#.....##..#
##....###+# #....#
#...... #......
#......


You could see a gnoll (extremely poisoned).

Vanquished Creatures
  5 gnolls
  An adder (D:2)
  2 worms
  A dart slug (D:2)
  2 bats
  4 endoplasms
  5 goblins
  2 hobgoblins
  7 jackals
  4 quokkas
  2 ball pythons
  6 frilled lizards
  4 kobolds
  2 rats
47 creatures vanquished.

Vanquished Creatures (others)
  A bush (D:4)
1 creature vanquished.

Grand Total: 48 creatures vanquished

Notes
Turn   | Place    | Note
-------+----------+-------------------------------------------
     0 | D:1      | GameOver the Naga Hedge Wizard began the quest for the Orb.
     0 | D:1      | Reached XP level 1. HP: 15/15 MP: 4/4
   498 | D:1      | Reached skill level 2 in Conjurations
   498 | D:1      | Reached XP level 2. HP: 16/22 MP: 0/6
   730 | D:1      | Found a faded altar of an unknown god.
  1064 | D:2      | Reached XP level 3. HP: 28/28 MP: 5/7
  1067 | D:2      | Learned a level 2 spell: Blink
  1071 | D:2      | Learned a level 3 spell: Mephitic Cloud
  1159 | D:2      | Reached skill level 3 in Conjurations
  1257 | D:2      | Reached XP level 4. HP: 27/36 MP: 4/8
  1463 | D:2      | Reached skill level 4 in Conjurations
  2192 | D:4      | Slain by a gnoll

Illustrated notes

Levels and vault maps discovered:
D:1:      amcnicky_arrival_underground_garden, layout_loops_cross,
          shapermc_ecumenical_altar_acropolis
D:2:      layout_rooms
D:3:      layout_basic
D:4:      layout_gridville, minmay_hedge_maze

Skill      XL: |  1  2  3  4 |
---------------+-------------+-----
Conjurations   | 2 3 4 |  4.4
Short Blades   | |  0.7
Dodging        | |  1.5
Stealth        | |  3.0
Spellcasting   | |  3.0
Summonings     | |  1.0
Translocations | |  1.0

Action                   |  1- 3 |  4- 6 || total
-------------------------+-------+-------++-------
Melee: Short sword       |     1 |       ||     1
       Dagger            |       |     6 ||     6
 Cast: Magic Dart        |    43 |    32 ||    75
 Abil: Spit Poison       |    28 |    17 ||    45
  Use: Potion            |       |     1 ||     1
 Stab: Sleeping          |     1 |       ||     1
Dodge: Dodged            |     9 |     9 ||    18
